 Dungeon Crawl Stone Soup version 0.27.0-1-g7a08968 (webtiles) character file.

Game seed: 666606039558490962

124 tokuyamm9 the Skirmisher (level 5, -2/47 HPs)
             Began as a Hill Orc Fighter on Aug 14, 2021.
             Slain by Sigmund (7 damage)
             ... on level 3 of the Dungeon.
             The game lasted 00:05:26 (2550 turns).

tokuyamm9 the Skirmisher (Hill Orc Fighter)         Turns: 2550, Time: 00:05:27

Health: -2/47      AC:  7    Str: 20    XL:     5   Next: 8%
Magic:  5/5        EV: 11    Int:  8    God:
Gold:   122        SH:  9    Dex: 10    Spells: 4/4 levels left

rFire    . . .     SeeInvis .   a - +0 war axe
rCold    . . .     Faith    .   c - +0 kite shield
rNeg     . . .     Spirit   .   b - +0 scale mail
rPois    .         Reflect  .   (no helmet)
rElec    .         Harm     .   (no cloak)
rCorr    +         Rampage  .   (no gloves)
Will     .....                  (no boots)
Stlth    ..........             (no amulet)
HPRegen  0.15/turn              e - +4 ring of evasion
MPRegen  0.09/turn              n - ring of resist corrosion

@: no status effects
A: no striking features
a: no special abilities


You were on level 3 of the Dungeon.
You visited 1 branch of the dungeon, and saw 3 of its levels.

You collected 122 gold pieces.

Inventory:

Hand Weapons
 a - a +0 war axe (weapon)
Armour
 b - a +0 scale mail (worn)
 c - a +0 kite shield (worn)
Jewellery
 e - a +4 ring of evasion (left hand)
 m - a ring of magical power
 n - a ring of resist corrosion (right hand)
Wands
 f - a wand of iceblast (12)
Scrolls
 h - a scroll of summoning {unknown}
 i - 2 scrolls of teleportation {unknown}
 j - a scroll of identify {unknown}
 k - a scroll of fear {unknown}
Potions
 g - a potion of curing {unknown}
 l - a potion of heal wounds {unknown}
 o - 2 potions of lignification {unknown}


   Skills:
 + Level 4.6 Fighting
 + Level 4.1 Axes
 + Level 4.1 Armour
 + Level 4.1 Shields


You had 4 spell levels left.
You didn't know any spells.
Your spell library contained the following spells:

 Spells                   Type           Power      Damage    Failure   Level
 Pain                     Necr           0%         1d4       99%         1
 Sandblast                Erth           0%         2d4       99%         1
 Summon Small Mammal      Summ           0%         N/A       99%         1
 Passwall                 Tmut/Erth      0%         N/A       100%        2
 Call Canine Familiar     Summ           0%         N/A       100%        3
 Portal Projectile        Hex/Tloc       0%         N/A       100%        3
 Summon Guardian Golem    Hex/Summ       0%         N/A       100%        3
 Agony                    Necr           0%         N/A       100%        5
 Blade Hands              Tmut           0%         N/A       100%        5
 Excruciating Wounds      Necr           0%         N/A       100%        5
 Lee's Rapid Deconstruct  Erth           0%         3d5*      100%        5


Dungeon Overview and Level Annotations

Branches:
Dungeon (3/15)

Altars:

Annotations:
D:3 Sigmund


Message History

Sigmund shouts!
Sigmund is nearby!
Sigmund gestures at you while chanting. The puff of flame hits you.
Sigmund casts a spell.
Sigmund flickers and vanishes!
Deactivating autopickup; reactivate with Ctrl-A.
You see here an adder corpse.
Found a ring mail.
You block something's attack. You block something's attack.
You closely miss something.
You hear some strange, mumbled words.
Something tries to affect you, but you resist.
Something hits you.
You closely miss something. Something hits you.
You barely miss something. Something hits you but does no damage.
You hear some strange, mumbled words.
You are confused.
You closely miss something. Something hits you.
You closely miss something. Something hits you.
Something hits you but does no damage.
You miss something. Something hits you!
You bump into the rock wall.
You feel less confused. Something hits you.
You closely miss something. You block something's attack. Something hits you.
You hit something but do no damage.
You hear some strange, mumbled words.
A magic dart appears from out of thin air!
The magic dart hits you.
* * * LOW HITPOINT WARNING * * *
You slash something!
You hear some strange, mumbled words.
A puff of flame appears from out of thin air!
You block the puff of flame. Something hits you!
* * * LOW HITPOINT WARNING * * *
You miss something. Something completely misses you.
You slash something! Something hits you but does no damage. Something hits you!
You die...

.......#.# #.....
....##...#
#.[...... ####
##..# ##.....>...
##.. #..........
#.# #......... #..
#.......# ..
#.....#####
##.....{@..#
#.......##.......#
#....†..########..
#....<..#
##.....## ##...##
#####


There were no monsters in sight!

Vanquished Creatures
  Natasha (D:2)
  Terence (D:2)
  2 adders
  2 dart slugs
  A worm (D:2)
  An orc (D:3)
  2 ball pythons
  A bat (D:2)
  8 endoplasms
  6 goblins
  6 hobgoblins
  A jackal (D:3)
  3 quokkas
  3 frilled lizards
  4 kobolds (D:2)
  7 rats
49 creatures vanquished.

Notes
Turn   | Place    | Note
-------+----------+-------------------------------------------
     0 | D:1      | tokuyamm9 the Hill Orc Fighter began the quest for the Orb.
     0 | D:1      | Reached XP level 1. HP: 19/19 MP: 1/1
   283 | D:1      | Reached XP level 2. HP: 21/27 MP: 2/2
   423 | D:1      | Found a faded altar of an unknown god.
   779 | D:1      | Reached XP level 3. HP: 33/33 MP: 3/3
  1082 | D:2      | Noticed Terence
  1112 | D:2      | Killed Terence
  1647 | D:2      | Reached XP level 4. HP: 40/40 MP: 4/4
  1954 | D:3      | Noticed Natasha
  1954 | D:3      | Noticed Sigmund
  2150 | D:2      | Killed Natasha
  2520 | D:3      | Reached XP level 5. HP: 47/47 MP: 5/5
  2550 | D:3      | Slain by Sigmund

Illustrated notes

Levels and vault maps discovered:
D:1:      nicolae_arrival_somewhat_less_tricky_arrival, layout_loops_ring,
          hellmonk_ecumenical_altar_lost_god
D:2:      layout_rooms, corner_web_ring, uniq_terence
D:3:      layout_rooms, uniq_natasha, uniq_sigmund

Skill      XL: |  1  2  3  4 |
---------------+-------------+-----
Axes           | 3 4 |  4.1
Fighting       | 4 |  4.6
Armour         | 4 |  4.1
Shields        | 4 |  4.1

Action                   |  1- 3 |  4- 6 || total
-------------------------+-------+-------++-------
Melee: War axe           |    66 |    67 ||   133
  Use: Potion            |       |     1 ||     1
Armor: Scale mail        |    26 |    40 ||    66
Dodge: Dodged            |    13 |    41 ||    54
Block: Kite shield       |    31 |    38 ||    69
